 Dungeon Crawl Stone Soup version 0.25.1-2-g60ff931df9 (webtiles) character file.

Game seed: 7640477111331651416

1063 DildoBatman the Conjurer (level 8, -3/52 HPs)
             Began as a Formicid Wizard on Oct 19, 2020.
             Killed from afar by Dowan (9 damage)
             ... with a puff of frost
             ... on level 4 of the Dungeon.
             The game lasted 00:18:54 (5947 turns).

DildoBatman the Conjurer (Formicid Wizard)          Turns: 5947, Time: 00:18:55

Health: -3/52      AC:  3    Str: 11    XL:     8   Next: 52%
Magic:  7/12       EV: 27    Int: 21    God:
Gold:   207        SH:  0    Dex:  9    Spells: 6/13 levels left

rFire    . . .     SeeInvis +   a - +0 hunting sling
rCold    . . .     Gourm    .   (no shield)
rNeg     . . .     Faith    .   e - +0 robe
rPois    .         Spirit   .   (helmet unavailable)
rElec    .         Reflect  .   (no cloak)
rCorr    .         Harm     .   (no gloves)
MR       .....                  f - +0 pair of boots
Stlth    ++........             g - amulet of the acrobat
HPRegen  0.17/turn              (no ring)
MPRegen  0.13/turn              (no ring)

@: acrobat
A: permanent stasis, dig shafts and tunnels, four strong arms, antennae 3
a: Dig, Shaft Self


You were on level 4 of the Dungeon.
You were not hungry.

You visited 1 branch of the dungeon, and saw 5 of its levels.

You collected 207 gold pieces.

Inventory:

Hand Weapons
 a - a +0 hunting sling (weapon)
 p - a cursed -3 short sword
Missiles
 b - 72 stones (quivered)
 j - 52 bolts
 k - 9 poisoned darts
 y - 73 arrows
 B - a throwing net
Armour
 e - a +0 robe (worn)
 f - a +0 pair of boots (worn)
Jewellery
 g - an amulet of the acrobat (around neck)
 A - an uncursed amulet of reflection
Scrolls
 h - a scroll of enchant weapon {unknown}
 n - a scroll of enchant armour
 o - a scroll of fear
 t - a scroll of immolation {unknown}
 x - a scroll of remove curse
 z - 4 scrolls of identify
 D - a scroll of random uselessness {unknown}
 E - a scroll of amnesia {unknown}
Potions
 d - 3 potions of mutation {unknown}
 i - 2 potions of brilliance {unknown}
 l - a potion of heal wounds {unknown}
 m - a potion of flight {unknown}
 q - 2 potions of stabbing {unknown}
 r - a potion of berserk rage {unknown}
 s - a potion of invisibility {unknown}
 u - a potion of cancellation {unknown}
 w - a potion of curing {unknown}
 C - a potion of ambrosia {unknown}
Comestibles
 c - 3 chunks of flesh
 v - 9 rations


   Skills:
 - Level 1.7 Dodging
 - Level 2.4 Stealth
 - Level 3.2 Spellcasting
 - Level 5.5 Conjurations
   Level 1.0 Summonings
   Level 0.8 Translocations
 * Level 4.9 Fire Magic
 * Level 4.0 Air Magic


You had 6 spell levels left.
You knew the following spells:

 Your Spells              Type           Power        Failure   Level  Hunger
a - Conjure Flame         Conj/Fire      ####....     4%          3    ###....
c - Magic Dart            Conj           ####         1%          1    None
e - Mephitic Cloud        Conj/Pois/Air  ###.....     11%         3    ###....

Your spell library contained the following spells:

 Spells                   Type           Power        Failure   Level  Hunger
 Summon Small Mammal      Summ           #...         9%          1    None
 Call Imp                 Summ           #.......     13%         2    ##.....
 Slow                     Hex            #.......     21%         2    ##.....
 Call Canine Familiar     Summ           #.......     26%         3    ###....
 Summon Guardian Golem    Hex/Summ       #.......     32%         3    ###....
 Summon Lightning Spire   Summ/Air       ##......     41%         4    ####...
 Summon Ice Beast         Ice/Summ       #.......     71%         4    ####...
 Blink                    Tloc           Unusable     N/A         2    N/A

Dungeon Overview and Level Annotations

Branches:
Dungeon (5/15)
 Temple: D:4-7

Altars:
Elyvilon

Annotations:
D:1 Robin
D:2 exclusions: quokka, sensed monster (detected) and 1 more exclusion, Jessica, Sigmund
D:3 exclusions: kobold and sensed monster (detected), Natasha
D:4 2 transporters, DogServant's ghost, novice MfTm; Dowan; Duvessa
D:5 Menkaure


Innate Abilities, Weirdness & Mutations

You cannot be hasted, slowed, berserked, paralysed or teleported.
You can dig through walls and to a lower floor.
Your four strong arms can wield two-handed weapons with a shield.
You have a pair of large antennae on your head. (SInv)


Message History

Menkaure hits you!!
Menkaure points at you and mumbles some strange words.
Pain shoots through your body!
Menkaure calls on the powers of darkness!
Your body is wracked with pain!
Menkaure calls on the powers of darkness!
The slave convulses!
Your body is wracked with pain!
There is a stone staircase leading up here.
Menkaure calls on the powers of darkness!
Your body is wracked with pain!
The slave convulses!
You climb upwards.
Level annotation: 2 transporters, DogServant's ghost, novice MfTm; Dowan; Duvessa
There is a stone staircase leading down here.
Duvessa shouts!
You hear a shout!
Dowan casts a spell at you. The puff of frost hits you!
You die...

##...## #...###....รท###
##### #...# ##.###[#.
#...# #.####.#
########...####......#
#....................#
###.#######.#########.##
######...# ##.## #...
#......e#######...# ####
#.######>...@...#.# #
#.# #e######...# # #.#
#.# ##.###### # #.# #.#
#......# # #.# #.#
######.# # #####.# #.#
#.# # ......# #.#### #.#
# ####### #....# #.# # #
####.# #.# #


You could see Duvessa and Dowan.

Vanquished Creatures
  An ogre (D:5)
  2 centaurs
  A bullfrog (D:2)
  A scorpion (D:3)
  A howler monkey (D:5)
  A jelly (D:5)
  2 hounds (D:4)
  A gnoll shaman (D:5)
  2 orc priests (D:4)
  A centaur skeleton (D:5)
  2 iguanas (D:4)
  Natasha (D:4)
  2 orc wizards (D:4)
  3 worker ants (D:4)
  A hound skeleton (D:4)
  7 gnolls (D:5)
  9 adders
  A howler monkey skeleton (D:4)
  2 oozes (D:1)
  An adder zombie (D:5)
  3 worms
  2 dart slugs
  11 orcs
  3 giant cockroaches
  14 goblins
  9 hobgoblins
  6 kobolds
  2 quokkas
  3 ball pythons
  5 bats
  3 frilled lizards
  A quokka skeleton (D:5)
  7 rats
111 creatures vanquished.

Notes
Turn   | Place    | Note
-------+----------+-------------------------------------------
     0 | D:1      | DildoBatman the Formicid Wizard began the quest for the
                  | Orb.
     0 | D:1      | Reached XP level 1. HP: 13/13 MP: 4/4
     9 | D:1      | Reached skill level 1 in Conjurations
   234 | D:1      | Reached XP level 2. HP: 19/19 MP: 3/6
   337 | D:1      | Reached skill level 2 in Conjurations
   773 | D:1      | Reached XP level 3. HP: 24/24 MP: 4/7
  1222 | D:2      | Reached skill level 3 in Conjurations
  1302 | D:2      | Reached XP level 4. HP: 30/30 MP: 3/8
  1349 | D:2      | Learned a level 3 spell: Conjure Flame
  1353 | D:2      | Learned a level 3 spell: Mephitic Cloud
  1355 | D:2      | Noticed Jessica
  1360 | D:2      | Noticed Sigmund
  1511 | D:2      | Noticed a bullfrog
  1518 | D:2      | Killed a bullfrog
  1518 | D:2      | Reached skill level 4 in Conjurations
  1518 | D:2      | Reached XP level 5. HP: 24/35 MP: 1/9
  1807 | D:2      | Noticed Robin
  2142 | D:2      | Found a white marble altar of Elyvilon.
  3362 | D:3      | Reached skill level 1 in Fire Magic
  3362 | D:3      | Reached XP level 6. HP: 37/41 MP: 5/10
  3437 | D:4      | Reached skill level 1 in Air Magic
  3499 | D:4      | Reached skill level 5 in Conjurations
  3578 | D:4      | Found a transporter.
  3579 | D:4      | Noticed DogServant's ghost (novice MfTm)
  3617 | D:4      | Found a transporter.
  3690 | D:4      | Reached XP level 7. HP: 46/46 MP: 5/11
  3701 | D:4      | Noticed Natasha
  3727 | D:4      | Killed Natasha
  4517 | D:4      | Noticed Natasha
  4683 | D:5      | Entered Level 5 of the Dungeon
  5025 | D:5      | Noticed Duvessa
  5025 | D:5      | Noticed Dowan
  5238 | D:5      | Reached XP level 8. HP: 52/52 MP: 5/12
  5894 | D:5      | Noticed Menkaure
  5947 | D:4      | Killed from afar by Dowan

Illustrated notes

Levels and vault maps discovered:
D:1:      scummos_arrival_star, layout_basic
D:2:      layout_basic, marbit_many_paths, first_ration, uniq_jessica,
          uniq_robin, uniq_sigmund
D:3:      layout_basic, lemuel_flame_loot_1
D:4:      layout_loops_ring, gammafunk_ghost_stat_death, uniq_natasha
D:5:      layout_cave_pools, uniq_pikel, uniq_menkaure, uniq_duvessa

Skill      XL: |  1  2  3  4  5  6  7  8 |
---------------+-------------------------+-----
Conjurations   | 1 2 3 4 5 |  5.5
Fire Magic     | 1 2 3 4 |  4.9
Air Magic      | 1 3 4 |  4.0
Dodging        | |  1.7
Stealth        | |  2.4
Spellcasting   | |  3.2
Summonings     | |  1.0
Translocations | |  0.8

Action                   |  1- 3 |  4- 6 |  7- 9 || total
-------------------------+-------+-------+-------++-------
Melee: Dagger            |     8 |       |       ||     8
 Fire: Hunting sling     |       |    36 |   114 ||   150
Throw: Stone             |     1 |       |       ||     1
       Dart              |       |    16 |    27 ||    43
       Throwing net      |       |       |     1 ||     1
 Cast: Magic Dart        |    63 |    79 |    64 ||   206
       Conjure Flame     |       |     1 |     3 ||     4
       Mephitic Cloud    |       |     7 |    20 ||    27
 Abil: Dig               |       |     3 |    11 ||    14
  Use: Scroll            |       |     4 |     1 ||     5
 Stab: Sleeping          |     1 |       |       ||     1
  Eat: Chunk             |     1 |     8 |    10 ||    19
Armor: Robe              |       |     6 |     8 ||    14
Dodge: Dodged            |    16 |    21 |    65 ||   102
